 Dungeon Crawl Stone Soup version 0.22-b1-21-g5cfc168 (webtiles) character file.

4 dracos369 the Insei (level 1, -1/13 HPs)
             Began as an Octopode Transmuter on Aug 3, 2018.
             Slain by a rat (3 damage)
             ... on level 1 of the Dungeon.
             The game lasted 00:01:55 (62 turns).

dracos369 the Insei (Octopode Transmuter)             Turns: 62, Time: 00:01:55

Health: -1/13      AC:  1    Str:  9    XL:     1   Next: 60%
Magic:  3/3        EV: 13    Int: 15    God:
Gold:   0          SH:  0    Dex: 12    Spells: 3/4 levels left

rFire    . . .     SeeInvis .     - Unarmed
rCold    . . .     Gourm    .   (no shield)
rNeg     . . .     Faith    .   (helmet restricted)
rPois    .         Spirit   .   (no amulet)
rElec    .         Reflect  .   (no ring)
rCorr    .         Harm     .   (no ring)
MR       .....                  (no ring)
Stlth    ++........             (no ring)
HPRegen  0.04/turn              (no ring)
MPRegen  0.08/turn              (no ring)
                                (no ring)
                                (no ring)

@: appendage (expiring)
A: almost no armour, stealthy swim, amphibious, 8 rings, constrict 8, tentacle
spike 3, camouflage 1, gelatinous body 1
a: End Transformation


You were on level 1 of the Dungeon.
You were not hungry.
One of your tentacles had a temporary spike.
You visited 1 branch of the dungeon, and saw 1 of its levels.

Inventory:

Missiles
 a - 12 arrows
Scrolls
 b - a scroll of random uselessness {unknown}
Potions
 d - a potion of degeneration {unknown}
Comestibles
 c - a ration
 f - a chunk of flesh


   Skills:
 - Level 1.0 Fighting
 - Level 2.0 Dodging
 + Level 3.2 Unarmed Combat
 - Level 2.0 Spellcasting
 - Level 2.0 Transmutations


You had 3 spell levels left.
You knew the following spells:

 Your Spells              Type           Power        Failure   Level  Hunger
a - Beastly Appendage     Tmut           #.....       10%         1    #......

Your spell library contained the following spells:

 Spells                   Type           Power        Failure   Level  Hunger
 Spider Form              Tmut/Pois      #.........   41%         3    ###....
 Blade Hands              Tmut           #.........   95%         5    ######.
 Ice Form                 Ice/Tmut       #.......     82%         4    #####..
 Sticks to Snakes         Tmut           #.......     14%         2    ###....


Dungeon Overview and Level Annotations

Branches:
Dungeon (1/15)

Altars:


Innate Abilities, Weirdness & Mutations

You cannot wear most types of armour.
You are very stealthy in the water. (Stealth+)
You are amphibious.
You can wear up to eight rings at the same time.
You can use your tentacles to constrict eight enemies at once.
Your skin changes colour to match your surroundings (Stealth+).
Your rubbery body absorbs attacks. (AC +1, EV +1)
One of your tentacles bears a large vicious spike.


Message History

You pierce the giant cockroach, but do no damage.
The giant cockroach is lightly wounded.
The bat hits you but does no damage. The giant cockroach closely misses you.
You barely miss the giant cockroach. You grab the giant cockroach.
The giant cockroach is lightly wounded.
You constrict the giant cockroach. The bat misses you.
The bat barely misses you. The giant cockroach closely misses you.
The rat bites you. The dart slug launches a dart at you.
The slug dart hits you! The bat closely misses you.
You tentacle-slap the rat but do no damage.
Your grab misses the rat.
Your tentacle spike misses the rat.
You constrict the giant cockroach. The giant cockroach barely misses you.
The bat hits you but does no damage. The rat bites you.
* * * LOW HITPOINT WARNING * * *
Unknown command.
You miss the bat. Your grab misses the bat. You constrict the giant cockroach.
The bat closely misses you. The giant cockroach closely misses you.
The rat bites you.
You die...

#....... #.....(.
# #......
##.###......
.........#.#
.........#.#
........r#.#####..
......).@s........
.........#.#####.
.(.w...b.#.#
##.#######.# # #)#
#.# ######.##
.........####
##### ##
##..........#
#...# #.


You could see a dart slug, a giant cockroach, a bat and a rat.

Vanquished Creatures
  2 hobgoblins (D:1)
  A frilled lizard (D:1)
  A rat (D:1)
4 creatures vanquished.

Notes
Turn   | Place    | Note
-------+----------+-------------------------------------------
     0 | D:1      | dracos369 the Octopode Transmuter began the quest for the Orb.
     0 | D:1      | Reached XP level 1. HP: 13/13 MP: 3/3
    62 | D:1      | Slain by a rat

Action                   || total
-------------------------++-------
Melee: Unarmed           ||    12
       Kick              ||     5
       Constrict         ||     4
       Punch             ||     1
       Tentacles         ||     1
 Cast: Beastly Appendage ||     2
Armor: Skin              ||     2
Dodge: Dodged            ||    16
